 Dungeon Crawl Stone Soup version 0.25-a0-731-g0472a16d6a (webtiles) character file.

Game seed: 3120818262495389149, levelgen mode: deterministic

539 BowlsofSteal the Charmwright (level 7, -11/52 HPs)
             Began as a Merfolk Skald on Apr 9, 2020.
             Was a Believer of Okawaru.
             Mangled by Pikel
             ... wielding a +0 whip of electrocution
              (13 damage)
             ... on level 5 of the Dungeon.
             The game lasted 00:42:07 (4718 turns).

BowlsofSteal the Charmwright (Merfolk Skald)        Turns: 4718, Time: 00:42:10

Health: -11/52     AC:  9    Str: 11    XL:     7   Next: 26%
Magic:  13/13      EV: 10    Int: 14    God:    Okawaru [**....]
Gold:   108        SH:  0    Dex: 14    Spells: 3/14 levels left

rFire    . . .     SeeInvis .   j - +1 falchion (vorpal)
rCold    . . .     Gourm    .   (no shield)
rNeg     . . .     Faith    .   C - +0 scale mail "Fum Qeqa" {rPois}
rPois    +         Spirit   .   (no helmet)
rElec    .         Reflect  .   o - +2 cloak
rCorr    .         Harm     .   (no gloves)
MR       .....                  (no boots)
Stlth    ..........             k - amulet of regeneration
HPRegen  0.57/turn              u - ring of flight
MPRegen  0.13/turn              (no ring)

@: mighty, very slightly contaminated, drained
A: change form in water, swift swim, stealthy swim
a: Heroism, Renounce Religion, Evoke Flight


You were on level 5 of the Dungeon.
You worshipped Okawaru.
Okawaru was pleased with you.
You were not hungry.

You visited 1 branch of the dungeon, and saw 5 of its levels.

You collected 108 gold pieces.

Inventory:

Hand Weapons
 a - a +1 spear
 c - a +0 dagger
 f - a +0 dagger
 j - a +1 vorpal falchion (weapon)
 n - a +0 club
 v - a +0 hunting sling
 x - a +0 dagger
 z - a +0 dagger
 G - a +2 mace of draining
Missiles
 e - 52 arrows
 p - 15 bolts
 t - 11 poisoned darts (quivered)
Armour
 b - a +1 leather armour
 h - a +0 ring mail
 i - a +0 cloak
 l - a +0 robe
 o - a +2 cloak (worn)
 s - a +0 leather armour
 C - the +0 scale mail "Fum Qeqa" (worn) {rPois}
   (You found it on level 4 of the Dungeon)

   It protects you from poison.
Jewellery
 k - an amulet of regeneration (around neck)
 u - a ring of flight (left hand)
Scrolls
 m - 4 scrolls of remove curse
 q - 2 scrolls of magic mapping
 y - 2 scrolls of identify
 B - a scroll of enchant armour
 F - a scroll of teleportation
Potions
 g - 2 potions of haste
 A - a potion of ambrosia
Comestibles
 d - 7 rations


   Skills:
 + Level 3.2(2.3) Fighting
 + Level 2.1(1.3) Long Blades
 + Level 4.5(3.6) Polearms
 + Level 1.5(0.7) Armour
 + Level 4.0(3.2) Dodging
 + Level 0.5(0.0) Stealth
 + Level 4.0(3.2) Spellcasting
 + Level 4.9(4.0) Charms
 + Level 0.5(0.0) Translocations
 + Level 0.2(0.0) Ice Magic


You had 3 spell levels left.
You knew the following spells:

 Your Spells              Type           Power        Failure   Level  Hunger
a - Infusion              Chrm           ##..         24%         1    #......
b - Song of Slaying       Chrm           ##......     36%         2    ##.....
c - Shroud of Golubria    Chrm/Tloc      #.....       65%         2    ##.....
d - Ozocubu's Armour      Chrm/Ice       #.......     86%         3    ###....
e - Spectral Weapon       Hex/Chrm       #.......     86%         3    ###....

Your spell library contained the following spells:

 Spells                   Type           Power        Failure   Level  Hunger


Dungeon Overview and Level Annotations

Branches:
Dungeon (5/15)
 Temple: D:4-7

Altars:
Nemelex Xobeh
Okawaru
Zin

Shops:
D:4 *

Annotations:
D:5 Pikel


Message History

Pikel barely misses you.
You riposte.
You hit Pikel.
Pikel is moderately wounded.
You slash Pikel!
Pikel is heavily wounded.
Pikel hits you but does no damage.
You slash Pikel!
Pikel is severely wounded.
Pikel hits you with a +0 whip of electrocution.
You are electrocuted!
You closely miss Pikel.
Pikel is severely wounded.
Pikel hits you but does no damage.
You closely miss Pikel.
Pikel is severely wounded.
Pikel hits you but does no damage.
You are electrocuted!
* * * LOW HITPOINT WARNING * * *
Pikel hits you with a +0 whip of electrocution.
* * * LOW HITPOINT WARNING * * *
You are electrocuted!
You die...

##### ###...###
..####.....?.##
.$............###
................#
................#
≈.......@......!#
≈.......K......##
≈............###
..♣##..[..### .
##<...# #....#
##...# ##..#
##...


You could see Pikel.

Vanquished Creatures
  A slave (D:5)
  A centaur (D:4)
  A scorpion (D:4)
  A hound (D:4)
  A bullfrog skeleton (D:4)
  2 orc wizards (D:4)
  Jessica (D:2)
  A worker ant (D:2)
  9 gnolls
  2 adders (D:2)
  6 oozes
  4 worms
  2 dart slugs
  3 leopard geckos
  10 orcs
  2 giant cockroaches (D:1)
  9 goblins
  8 hobgoblins
  A jackal (D:2)
  12 kobolds
  3 quokkas
  6 bats
  5 frilled lizards
  A quokka zombie (D:4)
  11 rats
103 creatures vanquished.

Notes
Turn   | Place    | Note
-------+----------+-------------------------------------------
     0 | D:1      | BowlsofSteal the Merfolk Skald began the quest for the Orb.
     0 | D:1      | Reached XP level 1. HP: 16/16 MP: 3/3
   124 | D:1      | Reached XP level 2. HP: 5/22 MP: 5/5
   437 | D:1      | Learned a level 2 spell: Song of Slaying
   440 | D:1      | Learned a level 2 spell: Shroud of Golubria
   451 | D:1      | Reached XP level 3. HP: 23/28 MP: 0/6
  1059 | D:2      | Found a faded altar of an unknown god.
  1151 | D:2      | Found a sparkling altar of Nemelex Xobeh.
  1269 | D:2      | Reached XP level 4. HP: 31/34 MP: 0/7
  1591 | D:2      | Noticed Jessica
  1609 | D:2      | Killed Jessica
  1609 | D:2      | Reached skill level 1 in Armour
  1630 | D:2      | Learned a level 3 spell: Ozocubu's Armour
  1662 | D:2      | Became a worshipper of Warmaster Okawaru
  1662 | D:2      | Reached * piety under Okawaru
  1806 | D:2      | Reached XP level 5. HP: 32/39 MP: 0/9
  2504 | D:3      | Found a glowing silver altar of Zin.
  2624 | D:3      | Reached XP level 6. HP: 46/46 MP: 1/10
  2744 | D:3      | Learned a level 3 spell: Spectral Weapon
  2825 | D:3      | Reached skill level 1 in Long Blades
  3923 | D:4      | Got a twisted scale mail
  3935 | D:4      | Identified the +0 scale mail "Fum Qeqa" {rPois} (You found
                  | it on level 4 of the Dungeon)
  4043 | D:4      | Found Fippowup's Assorted Antiques.
  4170 | D:4      | Reached ** piety under Okawaru
  4170 | D:4      | Reached XP level 7. HP: 42/52 MP: 4/12
  4642 | D:5      | Entered Level 5 of the Dungeon
  4708 | D:5      | Noticed Pikel
  4718 | D:5      | HP: 2/52 [Pikel/+0 whip of electrocution (4)]
  4718 | D:5      | Mangled by Pikel

Levels and vault maps discovered:
D:1:      dpeg_arrival_chase, layout_rooms, hangedman_abyss_or_decor_stabs
D:2:      layout_basic, nemelex_altar_shiori, chequers_ecumenical_altar_simple,
          minmay_close_crescents, uniq_jessica
D:3:      layout_loops_cross, nicolae_overflow_crystal_walls, minivault_26,
          chequers_hall_statues_corner_a, minmay_bisected
D:4:      layout_gridville, serial_shops, shop
D:5:      layout_cave_pods, overflow_temple_1_default, first_ration,
          elyvilon_altar_3, uniq_ijyb, uniq_pikel, uniq_blork_the_orc,
          uniq_menkaure

Skill      XL: |  1  2  3  4  5  6  7 |
---------------+----------------------+-----
Dodging        | 3 4 |  4.0
Charms         | 4 |  4.9
Polearms       | 4 |  4.5
Armour         | 1 |  1.5
Spellcasting   | 3 4 |  4.0
Long Blades    | 1 2 |  2.1
Fighting       | 3 |  3.2
Stealth        | |  0.5
Translocations | |  0.5
Ice Magic      | |  0.2

Action                   |  1- 3 |  4- 6 |  7- 9 || total
-------------------------+-------+-------+-------++-------
Melee: Spear             |   116 |    86 |       ||   202
       Tailslap          |     3 |       |       ||     3
       Falchion          |       |   107 |    53 ||   160
 Cast: Infusion          |    11 |    16 |     1 ||    28
       Song of Slaying   |     2 |    10 |     2 ||    14
       Shroud of Golubri |     6 |    12 |     1 ||    19
       Ozocubu's Armour  |       |     7 |       ||     7
  Use: Potion            |     2 |     4 |     2 ||     8
       Scroll            |       |     9 |       ||     9
  Eat: Chunk             |     2 |     6 |     2 ||    10
       Ration            |       |     2 |       ||     2
Armor: Ring mail         |    37 |     1 |       ||    38
       Leather armour    |       |    54 |       ||    54
       Scale mail        |       |     8 |    16 ||    24
Dodge: Dodged            |    79 |   178 |    31 ||   288
       Rpst.: Falchion   |       |    25 |    10 ||    35

Table legend:
 A = Non-vault XP
 B = Vault XP
 C = Vault XP percentage of total XP
 D = Non-vault monster count
 E = Vault monster count
 F = Vault count percentage of total count
                 A         B        C        D         E       F
            +---------+---------+-------+---------+---------+-------
      Total |     719 |      51 |   6.6 |      93 |       9 |   8.8
            +---------+---------+-------+---------+---------+-------
        D:1 |      72 |       0 |   0.0 |      30 |       0 |   0.0
        D:2 |     165 |      44 |  21.1 |      23 |       5 |  17.9
        D:3 |      93 |       7 |   7.0 |      21 |       4 |  16.0
        D:4 |     389 |       0 |   0.0 |      19 |       0 |   0.0
            +---------+---------+-------+---------+---------+-------
